Map: Efflorescence LE

Players

neotrantor

  • Race: Protoss Protoss

NetSurge

  • Race: Protoss Protoss

Throwfordays - Winner!

  • Race: Protoss Protoss

Faust - Winner!

  • Race: Zerg Zerg

VOD

Have the link to the VOD?

Description

Time

  • Played on: April 9, 2021, 4:51 p.m.
  • Length: 2:40
Show
View Real Time Build Order
Export as new Build Order

neotrantor Protoss 

Build Orders:  

Get SALT Encoding   

  12  0:07  Probe (Chrono Boost)  
Show
View Real Time Build Order
Export as new Build Order

NetSurge Protoss 

Build Orders:  

Get SALT Encoding   

  12  0:29  Probe  
Show
View Real Time Build Order
Export as new Build Order

Throwfordays Protoss - Winner!

Build Orders:  

Get SALT Encoding   

  12  0:00  Probe  
  13  0:13  Pylon  
  13  0:18  Probe (Chrono Boost)  
  14  0:30  Probe (Chrono Boost)  
  15  0:38  Probe (Chrono Boost)  
  16  0:44  Probe  
  17  1:01  Probe  
  16  1:13  Probe  
  17  1:19  Gateway  
  17  1:58  Probe (Chrono Boost)  
  16  2:07  Probe (Chrono Boost)  
  17  2:08  Zealot  
  17  2:12  Probe (Chrono Boost)  
  20  2:24  Probe  
Show
View Real Time Build Order
Export as new Build Order

Faust Zerg - Winner!

Build Orders: Pool Only 

Get SALT Encoding   

  12  0:00  Drone  
  13  0:23  Spawning Pool  
  13  0:27  Drone  
  13  0:31  Drone  
  14  0:36  Extractor  
  14  0:38  Drone  
  14  0:44  Extractor  
  14  0:45  Drone  
  15  1:11  Overlord  
  15  1:29  Queen  
  4  2:03  Zergling x2  
Tags
 
Add a new tag
Caveats
  • Supply blocks, unpowered buildings, or Contaminate may cause inaccurate times.
  • Supply counts are checked every 10 seconds.